 Dungeon Crawl Stone Soup version 0.28.0-49-g6dfe1f597d (webtiles) character file.

Game seed: 14634092490186509174

775 Exodus22XD the Poker (level 7, -2/52 HPs)
             Began as a Demonspawn Gladiator on May 15, 2022.
             Slain by Duvessa
             ... wielding a +0 rapier
              (8 damage)
             ... on level 5 of the Dungeon.
             The game lasted 00:05:41 (4951 turns).

Exodus22XD the Poker (Demonspawn Gladiator)         Turns: 4951, Time: 00:05:41

Health: -2/52      AC: 12    Str: 16    XL:     7   Next: 54%
Magic:  7/7        EV: 11    Int:  9    God:
Gold:   163        SH:  0    Dex: 15    Spells: 6/6 levels left

rFire   . . .      SeeInvis .   a - +0 trident
rCold   . . .      Faith    .   (no shield)
rNeg    . . .      Spirit   .   f - +0 scale mail
rPois   .          Reflect  .   c - +0 helmet
rElec   .          Harm     .   h - +0 cloak
rCorr   .          Rampage  .   i - +0 pair of gloves
Will    .....                   (no boots)
Stlth   ..........              o - amulet of regeneration
HPRegen 0.97/turn               (no ring)
MPRegen 0.10/turn               (no ring)

@: no status effects
A: claws 1, yellow scales 1, ignite blood 1
a: no special abilities


You were on level 5 of the Dungeon.
You visited 1 branch of the dungeon, and saw 5 of its levels.

You collected 163 gold pieces.

Inventory:

Hand Weapons
 a - a +0 trident (weapon)
Missiles
 d - 3 throwing nets (quivered)
Armour
 c - a +0 helmet (worn)
 f - a +0 scale mail (worn)
 h - a +0 cloak (worn)
 i - a +0 pair of gloves (worn)
Jewellery
 o - an amulet of regeneration (around neck)
Wands
 j - a wand of charming (14)
Scrolls
 b - 2 scrolls of vulnerability {unknown}
 g - 4 scrolls of identify {unknown}
 k - 4 scrolls of immolation {unknown}
 l - a scroll of blinking {unknown}
 n - a scroll of enchant weapon {unknown}
 q - a scroll of noise {unknown}
 r - a scroll of enchant armour {unknown}
 s - a scroll of torment {unknown}
 t - a scroll of teleportation {unknown}
Potions
 e - a potion of heal wounds {unknown}
 m - a potion of brilliance {unknown}
 p - a potion of might {unknown}
 u - a potion of haste {unknown}
 v - 2 potions of mutation {unknown}


   Skills:
 + Level 3.6 Fighting
 + Level 5.7 Polearms
 + Level 1.8 Throwing
 + Level 3.7 Armour
 + Level 3.9 Dodging
 + Level 0.9 Stealth


You had 6 spell levels left.
You didn't know any spells.
Your spell library contained the following spells:

 Spells                   Type           Power      Damage    Failure   Level
 Conjure Flame            Conj/Fire      0%         6-21      99%         3
 Gell's Gravitas          Tloc           0%         N/A       99%         3
 Ignite Poison            Fire/Tmut/Pois 0%         N/A       99%         3
 Teleport Other           Tloc           0%         N/A       99%         3
 Fulminant Prism          Conj/Hex       0%         3d6       100%        4
 Iskenderun's Mystic Bla  Conj/Tloc      0%         2d3       100%        4
 Sticky Flame             Conj/Fire      0%         2d3       100%        4
 Lee's Rapid Deconstruct  Erth           0%         3d5*      100%        5
 Conjure Ball Lightning   Conj/Air       0%         3x3d6     100%        6
 Dispersal                Tloc           0%         N/A       100%        6
 Discord                  Hex            0%         N/A       100%        8
 Disjunction              Tloc           0%         N/A       100%        8


Dungeon Overview and Level Annotations

Branches:
Dungeon (5/15)
 Temple: D:4-7

Altars:
Dithmenos
Okawaru
Sif Muna
Xom

Annotations:
D:5 Duvessa, Edmund


Innate Abilities, Weirdness & Mutations

You have sharp fingernails.
You are partially covered in yellow scales. (AC +2)
Your demonic aura sometimes causes spilled blood to erupt in flames.


Message History

Duvessa rages.
The iguana bites you but does no damage.
You hear a shout!
Duvessa rages.
You hear a shout!
You hear a shout!
There is a stone staircase leading down here.
You hit Duvessa.
Duvessa is lightly wounded.
Duvessa hits you with a +0 rapier.
You hit Duvessa but do no damage.
Duvessa is lightly wounded.
Duvessa hits you with a +0 rapier! x2
You hit Duvessa.
Duvessa is lightly wounded.
Duvessa is engulfed in blazing flames.
Duvessa hits you with a +0 rapier!!
Duvessa is engulfed in blazing flames.
Duvessa barely misses you.
You hit Duvessa.
Duvessa is heavily wounded.
Duvessa barely misses you.
You barely miss Duvessa.
Duvessa is heavily wounded.
Duvessa misses you. Duvessa hits you with a +0 rapier!
* * * LOW HITPOINT WARNING * * *
Okay, then.
You hit Duvessa.
Duvessa is heavily wounded.
Duvessa barely misses you.
You hit Duvessa but do no damage.
Duvessa is heavily wounded.
Duvessa hits you but does no damage. Duvessa barely misses you.
Okay, then.
You hit Duvessa.
Duvessa is heavily wounded.
Duvessa hits you with a +0 rapier!
* * * LOW HITPOINT WARNING * * *
You hit Duvessa.
Duvessa is heavily wounded.
Duvessa barely misses you. Duvessa hits you with a +0 rapier!
You die...

###.# #.#
#####...#####.##
..........##.#.######
#####.###.#.###.....#
#.# #.##.#.####.# #.#
#.###.## #.# #.# #e#
### #e# #.# #>#
####.# #.# #.#
####@...#
#.###.###.##e####
#...>......#l#
#.###........#
####...#.# ##.##.#
#.##.# #.##.######
#.##...e..#


You could see Duvessa (berserk) and an iguana.

Vanquished Creatures
  An ogre (D:4)
  A centaur (D:3)
  A phantom (D:5)
  A bullfrog (D:5)
  A scorpion (D:5)
  A water moccasin skeleton (D:5)
  Dowan (D:5)
  A bullfrog zombie (D:5)
  4 orc priests
  A bullfrog skeleton (D:5)
  4 gnolls (D:2)
  3 adders
  A shadow imp (D:5)
  An adder skeleton (D:5)
  4 dart slugs
  7 orcs
  2 bats (D:1)
  An endoplasm (D:1)
  2 giant cockroaches
  6 hobgoblins
  3 kobolds
  4 quokkas
  7 ball pythons
  5 frilled lizards
  2 goblins (D:1)
  3 rats
68 creatures vanquished.

Vanquished Creatures (collateral kills)
  An orc (D:5)
1 creature vanquished.

Grand Total: 69 creatures vanquished

Notes
Turn   | Place    | Note
-------+----------+-------------------------------------------
     0 | D:1      | Exodus22XD the Demonspawn Gladiator began the quest for the
                  | Orb.
     0 | D:1      | Reached XP level 1. HP: 16/16 MP: 1/1
   188 | D:1      | Gained mutation: Your demonic aura sometimes causes spilled
                  | blood to erupt in flames. [demonic ancestry]
   188 | D:1      | Reached XP level 2. HP: 19/22 MP: 2/2
   291 | D:1      | Reached skill level 3 in Polearms
   775 | D:1      | Reached XP level 3. HP: 21/27 MP: 3/3
  1296 | D:2      | Reached skill level 1 in Armour
  1299 | D:2      | Gained mutation: You are partially covered in yellow
                  | scales. (AC +2) [demonic ancestry]
  1299 | D:2      | Reached XP level 4. HP: 19/34 MP: 4/4
  1505 | D:2      | Found an iron altar of Okawaru.
  1628 | D:2      | Found a faded altar of an unknown god.
  2228 | D:3      | Noticed a centaur
  2235 | D:3      | Killed a centaur
  2236 | D:3      | Reached skill level 4 in Polearms
  2236 | D:3      | Reached XP level 5. HP: 12/40 MP: 5/5
  2463 | D:3      | Found a shimmering blue altar of Sif Muna.
  3248 | D:3      | Found a shadowy altar of Dithmenos.
  3249 | D:3      | Found a shimmering altar of Xom.
  3476 | D:4      | Noticed an ogre
  3484 | D:4      | Killed an ogre
  3485 | D:4      | Gained mutation: You have sharp fingernails. [demonic
                  | ancestry]
  3485 | D:4      | Reached XP level 6. HP: 47/47 MP: 6/6
  3927 | D:4      | Identified the +0 ring mail of the Sky {Int+6 Slay-2}
  4172 | D:5      | Entered Level 5 of the Dungeon
  4263 | D:5      | Reached skill level 5 in Polearms
  4328 | D:5      | Reached XP level 7. HP: 49/52 MP: 7/7
  4583 | D:5      | Noticed Edmund
  4789 | D:5      | Noticed Dowan
  4806 | D:5      | Killed Dowan
  4807 | D:5      | Noticed Duvessa
  4951 | D:5      | Slain by Duvessa

Illustrated notes

Levels and vault maps discovered:
D:1:      wander_arrival_lonely_grave, layout_basic
D:2:      layout_basic, shapermc_ecumenical_altar_gd, basic_altar,
          hex_intersection, grunt_decor_cap
D:3:      layout_basic, old_standard_altar, gammafunk_temple_overflow_pools,
          skrybe_limestone_x
D:4:      layout_loops_ring, kennysheep_path_1
D:5:      layout_loops_ring, uniq_duvessa, uniq_edmund

Skill      XL: |  1  2  3  4  5  6 |
---------------+-------------------+-----
Dodging        | 3 |  3.9
Polearms       | 3 4 5 |  5.7
Armour         | 1 2 3 |  3.7
Fighting       | 3 |  3.6
Throwing       | |  1.8
Stealth        | |  0.9

Action                   |  1- 3 |  4- 6 |  7- 9 || total
-------------------------+-------+-------+-------++-------
Melee: Trident           |   108 |   108 |    81 ||   297
       Punch             |     1 |       |       ||     1
Evoke: Wand              |       |       |     2 ||     2
  Use: Potion            |       |     2 |       ||     2
Armor: Ring mail         |    14 |       |       ||    14
       Scale mail        |    28 |    41 |    33 ||   102
Dodge: Dodged            |    56 |    53 |    39 ||   148
